 Dungeon Crawl Stone Soup version 0.20-a0 (console) character file.

228 brucemayne the Cleaver (level 6, -4/51 HPs)
             Began as a Hill Orc Monk on Oct 27, 2016.
             Slain by a centaur (7 damage)
             ... on level 6 of the Dungeon.
             The game lasted 00:04:06 (1253 turns).

brucemayne the Cleaver (Hill Orc Monk)              Turns: 1253, Time: 00:04:06

Health: -4/51      AC:  3    Str: 16    XL:     6   Next: 2%
Magic:  6/6        EV: 12    Int: 10    God:
Gold:   134        SH:  0    Dex: 13    Spells: 0 memorised, 5 levels left

rFire  . . .     SeeInvis .     a - +0 hand axe
rCold  . . .     Gourm    .     l - +0 leather armour
rNeg   . . .     Faith    .     (no shield)
rPois  .         Spirit   .     (no helmet)
rElec  .         Reflect  .     (no cloak)
rCorr  .         Harm     .     (no gloves)
MR     .....                    (no boots)
Stlth  ++........               (no amulet)
                                (no ring)
                                (no ring)

@: no status effects
A: no striking features
a: no special abilities


You were on level 6 of the Dungeon.
You were not hungry.

You visited 1 branch of the dungeon, and saw 6 of its levels.

You collected 134 gold pieces.

Inventory:

Hand Weapons
 a - a +0 hand axe (weapon)
 d - a +0 club
 n - a +0 trident
Armour
 b - a +0 robe
 l - a +0 leather armour (worn)
Jewellery
 e - an uncursed ring of fire
Scrolls
 f - a scroll of random uselessness {unknown}
 g - a scroll of identify {unknown}
 h - a scroll of remove curse {unknown}
 j - a scroll of magic mapping {unknown}
Comestibles
 c - 4 bread rations
 i - 2 beef jerkies
 k - 4 chunks of flesh


   Skills:
 - Level 3.6 Fighting
 + Level 8.6 Axes
 - Level 2.4 Dodging
 - Level 1.5 Stealth


You had 5 spell levels left.
You didn't know any spells.

Dungeon Overview and Level Annotations

Branches:
Dungeon (6/15)
 Temple: D:4-7

Altars:


Message History

The centaur hits you but does no damage.
You aren't carrying any items that you can evoke.
Unknown command.
You aren't carrying any potions.
Unknown command.
You completely miss the centaur. The centaur completely misses you.
The centaur hits you!
* * * LOW HITPOINT WARNING * * *
You hit the centaur but do no damage. The centaur hits you.
* * * LOW HITPOINT WARNING * * *
You hit the centaur.
The centaur is moderately wounded.
The centaur closely misses you.
You hit the centaur.
The centaur is moderately wounded.
The centaur barely misses you.
You hit the centaur.
The centaur is heavily wounded.
The centaur hits you!
You die...

###### ####....# #####
#...c@((####### #....
#.##...(......####....
###+###......(..'..'....
#......###......####....
#...... #......# #....
...... #......## #....
..... ###.....# ####.
#+### #.....# #.
############.# #[....#
##.


You could see a centaur.

Vanquished Creatures
  A bullfrog (D:6)
  A hound (D:5)
  An orc priest (D:4)
  An orc wizard (D:4)
  4 adders
  A shadow imp (D:5)
  A dart slug (D:3)
  2 leopard geckos
  4 orcs
  2 bats
  A giant cockroach (D:3)
  5 goblins
  3 hobgoblins
  3 jackals (D:6)
  2 kobolds
  A quokka (D:3)
  A frilled lizard (D:1)
  3 rats
37 creatures vanquished.

Notes
Turn   | Place    | Note
-------+----------+-------------------------------------------
     0 | D:1      | brucemayne the Hill Orc Monk began the quest for the Orb.
     0 | D:1      | Reached XP level 1. HP: 19/19 MP: 1/1
   113 | D:1      | Reached XP level 2. HP: 26/26 MP: 2/2
   335 | D:3      | Reached skill level 5 in Axes
   450 | D:2      | Reached XP level 3. HP: 31/31 MP: 3/3
   589 | D:3      | Reached skill level 6 in Axes
   671 | D:3      | Reached XP level 4. HP: 14/39 MP: 4/4
   759 | D:4      | Reached skill level 7 in Axes
   759 | D:4      | Reached XP level 5. HP: 13/45 MP: 5/5
   845 | D:4      | You fall through a shaft!
   845 | D:5      | Entered Level 5 of the Dungeon
  1176 | D:6      | Reached skill level 8 in Axes
  1176 | D:6      | Reached XP level 6. HP: 20/51 MP: 6/6
  1246 | D:6      | HP: 2/51 [centaur/arrow (14)]
  1253 | D:6      | Slain by a centaur

Vault maps used:
D:1:      dpeg_chamrin_arrival_tetris, serial_forest, infiniplex_forest_end_2,
          infiniplex_forest_straight_2, infiniplex_forest_end_3,
          infiniplex_forest_clump_small, infiniplex_forest_lined_4_way,
          infiniplex_forest_pool, infiniplex_forest_lined_2
D:2:      first_bread, uniq_crazy_yiuf_cottage, uniq_robin
D:3:      portal_sewer_entry_b
D:4:      minmay_mini_ossuary
D:5:      tgw_kikubaaqudgha
D:6:      uniq_sigmund

Skill      XL: |  1  2  3  4  5 |
---------------+----------------+-----
Axes           | 5 6 7 8 |  8.6
Fighting       | |  3.6
Dodging        | |  2.4
Stealth        | |  1.5

Action                   |  1- 3 |  4- 6 || total
-------------------------+-------+-------++-------
Melee: Hand axe          |    98 |    81 ||   179
  Use: Potion            |     1 |     4 ||     5
 Stab: Sleeping          |     2 |     3 ||     5
  Eat: Chunk             |       |     1 ||     1
Armor: Robe              |    17 |       ||    17
       Leather armour    |     7 |    13 ||    20
Dodge: Dodged            |    82 |    37 ||   119
